Map: Orbital Shipyard

Players

Grumm - Winner!

  • Race: Zerg Zerg
  • League: Gold

Jeff

  • Race: Zerg Zerg
  • League: Silver

VOD

Have the link to the VOD?

Description

Time

  • Played on: Jan. 5, 2016, 1:56 a.m.
  • Length: 5:37
Show
View Real Time Build Order
Export as new Build Order

Grumm Zerg - Winner!

Build Orders: Hatch First 

Get SALT Encoding   

  12  0:29  Hatchery  
  12  0:34  Drone  
  12  0:38  Drone  
  13  0:45  Drone  
  14  0:50  Overlord  
  14  1:08  Spawning Pool  
  13  1:18  Drone  
  13  1:19  Drone  
  15  1:30  Drone  
  16  1:54  Drone x2  
  16  1:55  Drone  
  16  1:58  Zergling x4  
  21  2:01  Queen  
  23  2:08  Spine Crawler  
  23  2:12  Drone  
  23  2:16  Spine Crawler  
  22  2:28  Zergling x2  
  22  2:29  Zergling x8  
  26  2:40  Zergling x2  
  26  2:41  Zergling x2  
  27  2:46  Overlord  
  27  3:03  Overlord x2  
  27  3:04  Queen  
  27  3:05  Zergling x2  
  30  3:19  Zergling x2  
  31  3:20  Zergling x8  
  31  3:26  Roach Warren  
  34  3:29  Drone  
  34  3:32  Extractor  
  34  3:37  Drone  
  35  3:43  Hatchery  
  33  3:52  Spine Crawler  
  32  3:58  Spine Crawler  
  32  4:02  Zergling x2  
  31  4:03  Zergling x8  
  31  4:30  Zergling x2  
  31  4:31  Zergling x10  
  36  4:38  Drone  
  22  5:09  Zergling x2  
  22  5:10  Zergling x16  
  27  5:23  Extractor  
Show
View Real Time Build Order
Export as new Build Order

Jeff Zerg 

Build Orders: Hatch First 

Get SALT Encoding   

  12  0:01  Drone  
  13  0:07  Drone  
  14  0:16  Drone, Extractor  
  15  0:26  Overlord  
  15  0:47  Hatchery  
  14  0:50  Drone  
  14  0:54  Drone  
  16  1:04  Extractor  
  15  1:10  Spawning Pool  
  14  1:21  Drone x3  
  17  1:57  Zergling x6  
  17  2:00  Queen  
  22  2:02  Queen  
  22  2:04  Drone  
  22  2:08  Metabolic Boost  
  25  2:13  Drone  
  26  2:29  Baneling Nest, Extractor  
  23  2:40  Drone x3  
  23  2:41  Drone  
  27  2:53  Overlord x2  
  27  3:04  Spine Crawler  
  26  3:09  Drone, Spine Crawler  
  26  3:18  Drone  
  26  3:19  Drone x2  
  29  3:35  Zergling x4  
  29  3:36  Zergling x4  
  30  4:04  Zergling x2  
  30  4:05  Zergling x8  
  35  4:15  Zergling x2  
  35  4:16  Zergling x14  
  31  4:35  Spine Crawler  
  30  4:47  Drone x5  
  26  5:14  Zergling x2  
  26  5:15  Zergling x14  
  26  5:17  Zergling x2  
Tags
 
Add a new tag
Caveats
  • Supply blocks, unpowered buildings, or Contaminate may cause inaccurate times.
  • Supply counts are checked every 10 seconds.